[ AOE2 MATCH · #495333945 ]
UnrankedIncas vs Vikings
Player's team · WIN
Rival team · LOSS
[ REPLAY ANALYSIS · EXTRACTED FROM THE RECORDED GAME ]
Feudal
9:23
Castle
—
Imperial
—
| APM avg | 58.1 |
| APM peak | 92 |
| eAPM avg | 15.0 |
| Villagers / military | 17 / 0 |
Focus
⚔️ 25.4% · 🌾 74.6%
Feudal
8:51
Castle
—
Imperial
—
| APM avg | 59.8 |
| APM peak | 85 |
| eAPM avg | 27.4 |
| Villagers / military | 21 / 5 |
Focus
⚔️ 62.0% · 🌾 38.0%
Militia ×5
Match map
Initial resources + every placement click. Lines = walls · curves = elevation contours. ◆ gold · ⬟ stone · ● berries · ✦ relic · ◌ wall gap
Your base
EliteJaguar's base
Smoothed initial terrain · ◌ = detected wall gap · hover for details
Inputs per minute
— flxpa21 - - EliteJaguar
Build order — flxpa21
30 actions detected in the replay
| 0:00 | Queue | Villager (Male) ×4 |
| 0:02 | Build | House |
| 0:03 | Build | House |
| 1:30 | Queue | Villager (Male) |
| 2:04 | Queue | Villager (Male) |
| 2:19 | Build | Settlement |
| 2:21 | Queue | Villager (Male) |
| 2:33 | Queue | Villager (Male) |
| 2:33 | Queue | Villager (Male) |
| 3:28 | Queue | Villager (Male) |
| 3:28 | Queue | Villager (Male) |
| 3:29 | Queue | Villager (Male) |
| 3:40 | Build | Palisade Wall |
| 4:07 | Queue | Villager (Male) |
| 4:08 | Queue | Villager (Male) |
| 4:56 | Build | House |
| 5:04 | Build | Settlement |
| 5:11 | Queue | Villager (Male) |
| 5:36 | Queue | Villager (Male) |
| 5:43 | Queue | Villager (Male) |
| 5:43 | Research | Loom |
| 7:08 | Research | Feudal Age |
| 7:09 | Research | Feudal Age |
| 7:29 | Build | Barracks |
| 7:33 | Build | Barracks |
| 9:05 | Build | Palisade Wall |
| 9:09 | Build | Palisade Wall |
| 9:13 | Build | House |
| 9:18 | Build | Palisade Wall |
| 9:23 | Age | Feudal Age |
Build order — EliteJaguar
41 actions detected in the replay
| 0:01 | Queue | Villager (Male) |
| 0:03 | Build | House |
| 0:04 | Build | House |
| 0:07 | Queue | Villager (Male) |
| 0:07 | Queue | Villager (Male) |
| 0:11 | Queue | Villager (Male) |
| 0:11 | Queue | Villager (Male) |
| 1:37 | Queue | Villager (Male) |
| 1:51 | Build | Lumber Camp |
| 1:59 | Queue | Villager (Male) |
| 1:59 | Queue | Villager (Male) |
| 2:30 | Queue | Villager (Male) |
| 2:30 | Queue | Villager (Male) |
| 2:51 | Queue | Villager (Male) |
| 2:51 | Queue | Villager (Male) |
| 2:51 | Queue | Villager (Male) |
| 3:25 | Build | House |
| 3:39 | Queue | Villager (Male) |
| 3:52 | Queue | Villager (Male) |
| 3:53 | Queue | Villager (Male) |
| 4:38 | Queue | Villager (Male) |
| 4:57 | Queue | Villager (Male) |
| 5:22 | Build | Barracks |
| 5:47 | Queue | Villager (Male) |
| 6:11 | Build | House |
| 6:15 | Research | Loom |
| 6:37 | Research | Feudal Age |
| 6:38 | Research | Feudal Age |
| 7:04 | Queue | Militia |
| 7:04 | Queue | Militia |
| 7:23 | Build | Mill |
| 7:27 | Queue | Militia |
| 7:27 | Queue | Militia |
| 7:58 | Queue | Villager (Male) |
| 8:06 | Build | House |
| 8:07 | Build | Palisade Wall |
| 8:16 | Queue | Militia |
| 8:48 | Queue | Villager (Male) |
| 8:51 | Age | Feudal Age |
| 9:00 | Research | Double-Bit Axe |
| 9:00 | Research | Double-Bit Axe |
Match timeline
| 3:40 | flxpa21 · wall_segment Palisade Wall x1 |
| 5:22 | EliteJaguar · first_building Barracks |
| 7:29 | flxpa21 · first_building Barracks |
| 8:07 | EliteJaguar · wall_segment Palisade Wall x1 |
| 8:51 | EliteJaguar · age_up feudal |
| 9:05 | flxpa21 · wall_segment Palisade Wall x1 |
| 9:09 | flxpa21 · wall_segment Palisade Wall x1 |
| 9:18 | flxpa21 · wall_segment Palisade Wall x1 |
| 9:23 | flxpa21 · age_up feudal |
| 9:40 | EliteJaguar · resign |
[ AI ANALYSIS · 1 CREDIT ]
What really happened in this match?
Wolo.gg analyzes every decision: build order, eco, micro, common mistakes by bracket. Personalized analysis on WhatsApp or Discord in 30 seconds.
Civ guide
Incas
Perfil
Jugador #23543003